 Dungeon Crawl Stone Soup version 0.17-a0-2098-gf59d6bc (webtiles) character file.

1092 4thArraOfDagon the Slasher (level 8, 1/72 HPs)
             Began as a Halfling Gladiator on Oct 17, 2015.
             Was a Follower of Ashenzari.
             Quit the game on level 8 of the Dungeon.
             The game lasted 00:12:02 (2203 turns).

4thArraOfDagon the Slasher (Halfling Gladiator)     Turns: 2203, Time: 00:12:02

Health: 1/72       AC: 24    Str: 17    XL:     8   Next: 56%
Magic:  8/8        EV:  3    Int:  9    God:    Ashenzari [*.....]
Gold:   219        SH:  0    Dex: 17    Spells: 0 memorised, 7 levels left

rFire  . . .     SeeInvis .     a - +1 long sword
rCold  . . .     Clarity  .     (armour currently unavailable)
rNeg   + + +     SustAt   .     (shield restricted)
rPois  +         Gourm    .     (helmet currently unavailable)
rElec  .         Spirit   .     (cloak currently unavailable)
rCorr  .         Warding  .     (gloves currently unavailable)
rMut   .         NoTele   +     (boots currently unavailable)
MR     .....                    (no amulet)
Stlth  ++........               (no ring)
                                j - +2 ring of strength

@: tree-form, not resistant to hostile enchantments, unstealthy
A: thin skeletal structure 1, frail 1, mutation resistance 1
a: Scrying, Renounce Religion


You were on level 8 of the Dungeon.
You worshipped Ashenzari.
Ashenzari was aware of your devotion.
You were not hungry.
You were a tree.
You visited 1 branch of the dungeon, and saw 9 of its levels.

You collected 219 gold pieces.

Inventory:

Hand Weapons
 a - a +1 long sword (weapon)
 f - a +0 blowgun
 r - a +0 bardiche
Missiles
 t - 30 poisoned needles
Armour
 c - a +0 helmet (melded)
 d - a +0 chain mail (melded)
 g - a +0 pair of gloves (melded)
 i - a +0 cloak (melded)
 v - a +2 pair of boots (melded)
Jewellery
 j - a +2 ring of strength (left branch)
Wands
 m - a wand of frost (15)
 w - a wand of magic darts (13)
Scrolls
 b - 4 scrolls of remove curse
 p - a scroll of enchant weapon
Potions
 u - 2 potions of cancellation
Books
 x - a book of Death

   Spells                             Type                      Level
   a - Corpse Rot                     Necromancy                   2
   b - Sublimation of Blood           Necromancy                   2
   c - Agony                          Necromancy                   5
   d - Dispel Undead                  Necromancy                   5
   e - Excruciating Wounds            Charms/Necromancy            5
   f - Bolt of Draining               Conjuration/Necromancy       5
Comestibles
 e - 3 bread rations
 k - 3 meat rations
 l - a slice of pizza
 z - a chunk of flesh
 A - a beef jerky


   Skills:
 + Level 4.7 Fighting
 * Level 7.4 Long Blades
 - Level 2.1 Throwing
 + Level 6.0 Dodging


You had 7 spell levels left.
You didn't know any spells.

Dungeon Overview and Level Annotations

Branches:
Dungeon (9/15)
 Temple: D:4-7         Lair: D:8-11         Orc: D:9-12

Altars:
Ashenzari
Cheibriados
Ru
Vehumet
The Shining One

Annotations:
D:5 Sigmund
D:6 Dowan, Duvessa


Innate Abilities, Weirdness & Mutations

You are small and have problems with some larger weapons.
You are somewhat resistant to further mutation.
You have a somewhat thin skeletal structure (Dex +2, Stealth).
You are frail (-10% HP).


Message History

You hear a shout! x2
Unknown command.
You are engulfed in roaring flames.
* * * LOW HITPOINT WARNING * * *
Unknown command.
Drink which item? (? for menu, Esc to quit)
It was a potion of curing.
You feel better.
You are engulfed in roaring flames.
Unknown command.
Drink which item? (? for menu, Esc to quit)
You feel better.
You are engulfed in roaring flames.
Read which item? (? for menu, Esc to quit)
Okay, then.
You are engulfed in roaring flames.
* * * LOW HITPOINT WARNING * * *
Unknown command.
You are engulfed in roaring flames.
* * * LOW HITPOINT WARNING * * *
Unknown command.
Unknown command.
Are you sure you want to abandon this character and quit the game? (Confirm with "yes".)

#..........#.#....o##
#....###.###.#...o.#
##..$# #.###.#...S.#
#...# #.....#....§#
#...# #######....Y#
#...# ........# #§§§#
.##.....# #.§§# #
.....#.# #(§♣#
.####.#.# ##### #.#..
#.###


There were no monsters in sight!

Vanquished Creatures
  A black bear (D:8)
  3 ogres
  A crocodile (D:8)
  A big kobold (D:7)
  3 giant frogs
  A crimson imp (D:5)
  A giant frog skeleton (D:8)
  A hound (D:4)
  A jelly (D:7)
  2 orc wizards (D:8)
  An iguana (D:7)
  4 worker ants
  A hound zombie (D:6)
  An ooze (D:4)
  A worm (D:2)
  14 orcs
  3 ball pythons (D:3)
  5 goblins
  5 hobgoblins
  7 jackals
  3 bats (D:2)
  6 giant cockroaches
  2 giant geckos
  A giant gecko skeleton (D:4)
  4 giant newts
  8 kobolds
  5 rats
86 creatures vanquished.

Vanquished Creatures (others)
  An orc (D:6)
1 creature vanquished.

Grand Total: 87 creatures vanquished

Notes
Turn   | Place    | Note
--------------------------------------------------------------
     0 | D:1      | 4thArraOfDagon the Halfling Gladiator began the quest for the Orb.
     0 | D:1      | Reached XP level 1. HP: 14/14 MP: 1/1
   136 | D:1      | Reached XP level 2. HP: 17/19 MP: 2/2
   250 | D:2      | Reached XP level 3. HP: 8/24 MP: 3/3
   595 | D:4      | Noticed an ogre
   729 | D:4      | Reached skill level 4 in Long Blades
   729 | D:4      | Reached XP level 4. HP: 26/30 MP: 4/4
   834 | D:4      | Found a sacrificial altar of Ru.
   836 | D:4      | Found a shattered altar of Ashenzari.
   837 | D:4      | Found a glowing golden altar of the Shining One.
   844 | D:4      | Became a worshipper of Ashenzari the Shackled
   869 | D:4      | Killed an ogre
   869 | D:4      | Reached XP level 5. HP: 27/36 MP: 5/5
  1039 | D:5      | Entered Level 5 of the Dungeon
  1039 | D:5      | Noticed Sigmund
  1076 | D:4      | Reached XP level 6. HP: 41/41 MP: 6/6
  1185 | D:5      | Noticed an ogre
  1198 | D:5      | Killed an ogre
  1198 | D:5      | Reached skill level 5 in Long Blades
  1232 | D:5      | Noticed an ogre
  1343 | D:6      | Noticed a sky beast
  1395 | D:4      | Noticed a sky beast
  1431 | D:6      | Reached XP level 7. HP: 32/46 MP: 7/7
  1456 | D:6      | Reached skill level 5 in Dodging
  1471 | D:6      | Noticed Duvessa
  1471 | D:6      | Noticed Dowan
  1493 | D:7      | Reached skill level 6 in Long Blades
  1669 | D:8      | Reached XP level 8. HP: 47/54 MP: 8/8
  1816 | D:8      | Reached * piety under Ashenzari
  1847 | D:9      | Noticed a hill giant
  1931 | D:9      | :(
  1943 | D:9      | Reached skill level 7 in Long Blades
  2077 | D:9      | Found a radiant altar of Vehumet.
  2077 | D:9      | Found a snail-covered altar of Cheibriados.
  2153 | D:9      | Noticed a komodo dragon
  2192 | D:8      | Gained mutation: You have a somewhat thin skeletal structure (Dex +2, Stealth). [potion of mutation]
  2192 | D:8      | Gained mutation: You are frail (-10% HP). [potion of mutation]
  2202 | D:8      | HP: 1/72 [cloud of flame (17)]
  2203 | D:8      | Quit the game

Vault maps used:
D:1:      dpeg_arrival_rhombus, serial_bayou_ford_a
D:3:      kennysheep_the_goblin_king
D:4:      grunt_temple_overflow_open, first_bread, st_stairs_10
D:5:      gammafunk_temple_overflow_pools, uniq_sigmund
D:6:      kennysheep_six_static_rooms, minmay_temple_entry_grid, uniq_duvessa
D:7:      the_bakery, nicolae_ru_awakened_eye, uniq_pikel
D:9:      gammafunk_temple_overflow_elements, dpeg_lair_monsters,
          grunt_ministairs_15, uniq_maurice

Action                   |  1- 3 |  4- 6 |  7- 9 || total
-------------------------+-------+-------+-------++-------
Melee: Long sword        |   135 |    88 |   108 ||   331
 Fire: Blowgun           |       |       |    13 ||    13
Throw: Throwing net      |     7 |     3 |       ||    10
Evoke: Wand              |       |     4 |     1 ||     5
  Use: Scroll            |       |     4 |     4 ||     8
       Potion            |       |       |     6 ||     6
 Stab: Held in net/web   |     2 |       |       ||     2
  Eat: Chunk             |       |     2 |     3 ||     5
